Map: White Rabbit LE

Players

HeroMarine

  • Race: Terran Terran
  • Spawn Location: 7:00

Serral - Winner!

  • Race: Zerg Zerg
  • League: Grandmaster
  • Spawn Location: 1:00

VOD

Have the link to the VOD?

Description

Time

  • Played on: Feb. 1, 2026, 12:23 p.m.
  • Length: 23:35
Show
View Real Time Build Order
Export as new Build Order

HeroMarine Terran 

Build Orders: Hellion Opening, Reaper Expand 

Get SALT Encoding   

  12  0:00  SCV  
  13  0:12  SCV  
  14  0:16  Supply Depot  
  14  0:24  SCV  
  15  0:38  SCV  
  15  0:39  Barracks  
  16  0:43  Refinery  
  16  0:50  SCV  
  17  1:02  SCV  
  18  1:14  SCV  
  19  1:26  Reaper, Orbital Command  
  20  1:38  Command Center  
  20  1:45  Supply Depot  
  20  1:52  SCV  
  21  1:58  Marine  
  22  2:04  SCV  
  23  2:09  Factory  
  23  2:16  SCV  
  23  2:20  Barracks Reactor  
  24  2:28  SCV  
  25  2:34  Command Center  
  25  2:40  SCV  
  26  2:50  Orbital Command  
  26  2:52  SCV  
  27  3:02  Hellion x2  
  27  3:04  SCV  
  32  3:05  Marine  
  33  3:16  SCV x2  
  33  3:17  Refinery  
  35  3:23  Hellion x2  
  39  3:28  SCV x2  
  41  3:34  Engineering Bay  
  41  3:35  Engineering Bay  
  41  3:40  SCV x2  
  43  3:41  Barracks Tech Lab  
  43  3:45  Hellion  
  43  3:46  Hellion  
  47  3:49  Orbital Command  
  47  3:52  SCV  
  47  3:53  SCV  
  49  4:01  Terran Infantry Weapons Level 1, Terran Infantry Armor Level 1, Marine  
  50  4:04  SCV  
  50  4:05  SCV  
  52  4:13  Barracks  
  52  4:15  Factory Reactor  
  52  4:16  Barracks  
  52  4:17  SCV  
  52  4:19  SCV  
  52  4:20  SCV, Factory Reactor  
  55  4:25  Marine  
  55  4:26  Stimpack  
  55  4:29  SCV  
  57  4:33  SCV  
  57  4:34  Supply Depot x2  
  58  4:41  SCV  
  58  4:42  Refinery  
  58  4:43  Refinery, Marauder  
  61  4:54  Orbital Command  
  61  4:56  SCV x2, Supply Depot  
  61  4:57  Supply Depot  
  63  5:00  Marine x2  
  63  5:04  Marine  
  63  5:05  Starport  
  66  5:07  Factory Reactor, Supply Depot  
  66  5:08  SCV x2  
  66  5:10  Marine x2  
  70  5:19  Armory  
  70  5:20  SCV x2  
  72  5:22  SCV  
  72  5:23  Marine  
  72  5:24  Marine x2  
  76  5:28  Marine, Supply Depot  
  76  5:32  SCV x2  
  76  5:34  SCV  
  80  5:40  Barracks  
  80  5:42  Barracks  
  80  5:44  SCV x2  
  80  5:45  Supply Depot  
  80  5:46  SCV  
  83  5:51  Factory Tech Lab, Medivac x2  
  83  5:54  Marine x2  
  83  5:55  Marine  
  83  5:56  Marine x2, SCV x2  
  94  5:58  SCV  
  94  6:03  Supply Depot  
  95  6:06  Terran Infantry Weapons Level 2  
  95  6:08  SCV x2, Combat Shield  
  95  6:10  SCV  
  95  6:11  Siege Tank  
  101  6:20  Terran Infantry Armor Level 2, SCV x2, Supply Depot  
  101  6:22  SCV  
  101  6:23  Marine x4  
  106  6:32  Marine, SCV x2  
  100  6:34  SCV  
  100  6:35  Barracks Reactor x2  
  100  6:37  Medivac  
  102  6:41  Marine x3, Medivac  
  102  6:42  Marine  
  102  6:46  Refinery  
  108  6:47  Refinery  
  108  6:50  Marine  
  108  6:56  Siege Tank  
  108  6:59  Marine x3  
  108  7:00  SCV x2, Marine  
  117  7:02  SCV  
  117  7:05  Sensor Tower  
  118  7:08  Marauder  
  118  7:12  Command Center  
  120  7:16  Marine  
  120  7:17  Marine x2  
  120  7:18  Marine  
  120  7:19  Marine x2  
  120  7:20  Terran Vehicle Weapons Level 1, Marine x2  
  128  7:28  Siege Tank  
  128  7:29  Marine  
  132  7:34  Factory, Marine  
  133  7:42  Supply Depot  
  133  7:44  Supply Depot x2  
  133  7:57  Supply Depot  
  133  7:58  Supply Depot  
  133  8:01  Missile Turret  
  133  8:03  Marine x3, SCV x2, Siege Tank  
  141  8:05  Marine x5, Medivac  
  141  8:06  Medivac, SCV, Command Center x2  
  141  8:07  Missile Turret  
  141  8:08  Supply Depot  
  141  8:10  Supply Depot  
  151  8:18  Factory Tech Lab  
  151  8:21  Factory Reactor  
  151  8:23  Drilling Claws, Barracks  
  151  8:24  Marauder  
  151  8:25  Barracks x2  
  153  8:29  SCV x2  
  153  8:30  SCV  
  156  8:36  Siege Tank  
  160  8:41  SCV x2  
  160  8:42  SCV, Medivac x2  
  160  8:45  Terran Infantry Armor Level 3, Terran Infantry Weapons Level 3, Marauder  
  160  8:46  Marine  
  169  8:53  SCV x2  
  169  8:55  SCV  
  172  8:57  Orbital Command  
  172  8:59  Marine  
  172  9:00  Marine x5  
  177  9:03  Widow Mine x2  
  177  9:06  Marauder  
  183  9:11  Barracks Tech Lab  
  183  9:14  Terran Vehicle And Ship Armor Level 1, Barracks Tech Lab  
  183  9:15  Barracks Tech Lab  
  183  9:16  Marine x2  
  185  9:17  Marine x5  
  185  9:18  Marine  
  191  9:25  Orbital Command x2  
  191  9:27  Marine  
  191  9:34  Marine x2  
  157  9:40  Widow Mine x2, Siege Tank  
  157  9:42  Marauder x3, Concussive Shells  
  157  9:43  Medivac x2  
  157  9:44  Factory  
  171  9:46  Marauder  
  171  9:47  Refinery  
  171  9:50  Refinery  
  171  9:59  Barracks  
  171  10:00  Barracks  
  171  10:01  Barracks  
  171  10:03  Marauder  
  171  10:04  Orbital Command  
  173  10:07  Command Center  
  173  10:12  Widow Mine, Sensor Tower, Marauder x2  
  173  10:13  Marauder, Missile Turret  
  181  10:14  Marine x2  
  181  10:16  Marine x2  
  181  10:17  Medivac  
  181  10:20  Medivac  
  181  10:21  Factory Reactor  
  189  10:22  Marine x2  
  189  10:23  Marine  
  189  10:24  Marine, Marauder  
  189  10:28  Fusion Core  
  193  10:29  Factory Tech Lab  
  193  10:31  Factory Reactor  
  193  10:32  Marine  
  193  10:34  Widow Mine, Marauder  
  198  10:50  Command Center  
  198  10:51  Orbital Command  
  198  10:52  Command Center  
  198  10:55  Siege Tank  
  193  10:57  Marine, SCV  
  193  10:58  SCV  
  193  11:00  SCV  
  193  11:01  SCV  
  193  11:03  SCV  
  191  11:06  Medivac x2  
  191  11:08  Marauder  
  191  11:09  SCV  
  191  11:10  SCV, Widow Mine x2  
  180  11:12  Marauder  
  180  11:14  Marine x2  
  180  11:15  Marauder  
  180  11:17  SCV  
  180  11:18  SCV x3  
  184  11:22  SCV x2  
  186  11:27  Siege Tank, Widow Mine x2  
  186  11:29  SCV  
  186  11:30  SCV  
  186  11:31  Widow Mine  
  186  11:32  Widow Mine, Sensor Tower  
  199  11:34  Missile Turret  
  199  11:35  Missile Turret  
  199  11:39  Barracks x3  
  199  11:42  Command Center  
  199  11:48  Missile Turret  
  199  11:49  Marauder  
  199  11:52  Widow Mine x2, Medivac  
  199  11:58  Marauder  
  185  12:01  Marine x3  
  185  12:02  Marine x2  
  185  12:05  Marauder x2, Marine  
  185  12:08  SCV x4  
  190  12:10  SCV  
  190  12:11  SCV x2  
  190  12:12  Medivac  
  191  12:20  SCV x2  
  191  12:21  Caduceus Reactor, SCV  
  183  12:23  Marauder x2  
  183  12:26  Marauder  
  182  12:30  Barracks Tech Lab, Marauder  
  182  12:31  Barracks Reactor, Barracks Tech Lab, Orbital Command  
  182  12:32  Marine x2  
  186  12:42  Marine x3  
  108  12:44  Orbital Command, Liberator x2, Missile Turret  
  192  12:45  Marauder x2  
  192  12:48  Marauder  
  192  12:49  Marine, Orbital Command  
  200  12:53  Widow Mine  
  200  12:55  Marauder  
  200  12:57  Marine x3  
  198  13:01  Marauder  
  182  13:06  Marauder  
  182  13:09  Marauder, Marine  
  182  13:10  Marine x2, Marauder  
  193  13:12  Widow Mine  
  193  13:13  Widow Mine x3  
  193  13:14  Widow Mine  
  193  13:16  Marauder  
  193  13:17  Marine  
  200  13:24  SCV x2, Orbital Command  
  200  13:40  Missile Turret, Command Center  
  196  13:44  Marauder x2  
  196  13:45  SCV  
  196  13:47  SCV x2  
  196  13:48  SCV x3  
  200  13:58  Planetary Fortress  
  200  13:59  Neosteel Armor, Hi-Sec Auto Tracking  
  200  14:00  Terran Vehicle And Ship Armor Level 2  
  200  14:06  Refinery  
  200  14:07  Refinery  
  200  14:08  Command Center  
  200  14:10  Command Center  
  199  14:17  Orbital Command  
  199  14:20  Marine  
  199  14:21  Marine  
  199  14:27  Marauder  
  199  14:28  Marauder  
  181  14:34  Marauder  
  181  14:36  Marine x3, Marauder  
  181  14:37  Marauder x2, Marine, Reaper x2  
  181  14:38  Widow Mine x4, Siege Tank, Liberator x2  
  161  14:41  Marine x2  
  161  14:43  SCV x4  
  161  14:44  SCV x4  
  174  14:48  Marine  
  174  14:49  Marauder x2  
  179  14:54  Marine x4  
  179  14:55  SCV x3, Marauder  
  179  14:58  Marauder x2, Marine  
  179  14:59  Marine x2  
  197  15:00  Widow Mine  
  197  15:01  Widow Mine  
  197  15:06  Marine  
  200  15:09  Sensor Tower  
  200  15:10  Missile Turret x2  
  196  15:25  Marauder  
  196  15:28  Marauder  
  200  15:31  Marauder  
  200  15:33  Marine  
  200  15:34  Marine  
  200  15:35  Marine  
  198  15:37  Marine x2  
  197  15:44  Marauder, Marine  
  197  15:47  Command Center  
  200  15:52  Marauder  
  196  15:59  Widow Mine x2  
  200  16:17  Barracks Tech Lab  
  200  16:31  Sensor Tower  
  200  16:37  Marauder  
  200  16:39  Marine, Marauder  
  200  16:42  Planetary Fortress  
  200  16:44  Sensor Tower, Missile Turret  
  200  16:46  Missile Turret  
  200  16:49  Marauder  
  200  16:52  Marauder  
  200  16:53  Marauder  
  191  17:02  Widow Mine x3  
  191  17:03  Marauder  
  191  17:04  Marine x2  
  196  17:10  Widow Mine x2  
  196  17:12  SCV  
  198  17:19  Marauder  
  198  17:20  Marauder  
  198  17:21  Marine x2  
  194  17:23  Orbital Command  
  194  17:28  Widow Mine  
  196  17:31  Orbital Command, Cyclone  
  196  17:32  Marine, Marauder  
  196  17:36  Marauder  
  177  17:46  Marauder x2  
  177  17:47  Marine x4, Marauder x2  
  177  17:48  Sensor Tower, Medivac x2  
  177  17:49  Missile Turret, Marauder  
  177  17:51  Marine x2  
  191  17:52  SCV x2  
  191  17:53  SCV x2  
  191  17:54  Marauder, SCV x2  
  191  17:55  SCV  
  191  17:58  Marauder  
  197  18:01  Marine x2  
  197  18:03  Widow Mine x2  
  198  18:14  Widow Mine  
  199  18:23  Marauder  
  199  18:25  Marine  
  200  18:31  Marauder  
  200  18:34  Widow Mine  
  191  18:37  Marauder x2  
  191  18:39  Widow Mine  
  191  18:40  Widow Mine x3  
  194  18:46  Medivac x2  
  194  18:48  SCV x2  
  194  18:51  Marine x2, Marauder x2  
  194  18:53  Orbital Command  
  200  19:02  Terran Vehicle And Ship Armor Level 3  
  200  19:07  Marauder  
  200  19:21  Marine  
  200  19:31  Medivac x2, Widow Mine x2  
  193  19:34  Marauder  
  193  19:37  Marauder x2  
  184  19:40  Marine, Marauder  
  176  19:46  Marauder  
  176  19:47  Marine  
  176  19:48  Marine x2  
  176  19:49  Marine  
  182  19:53  Marine x2, Marauder x2  
  182  19:58  Marauder, Marine x3  
  182  19:59  Marauder  
  193  20:01  Medivac x2  
  193  20:02  Marauder  
  193  20:05  Marine  
  200  20:07  Command Center  
  198  20:15  Marine  
  198  20:20  Marauder  
  175  20:21  Marine x2  
  175  20:26  Marine x2  
  175  20:28  Marine, Marauder  
  173  20:30  Marauder  
  173  20:31  Liberator x2  
  173  20:34  Marine  
  173  20:35  Marine, Marauder x2  
  179  20:39  Marine x3, Marauder x2  
  179  20:41  Marine  
  183  20:44  Widow Mine x2  
  183  20:47  Widow Mine x3  
  183  20:49  Marauder  
  188  20:51  Marauder  
  188  20:53  Marine  
  188  20:55  Marine  
  188  20:56  Marauder x2  
  196  21:00  Marauder  
  196  21:04  Marauder  
  176  21:05  Marine x2, Marauder  
  176  21:06  Widow Mine x2  
  176  21:08  Widow Mine x3  
  176  21:11  Marauder  
  162  21:13  Marauder, Marine x3, Medivac  
  162  21:14  Marine x3, Medivac  
  162  21:17  Marauder  
  162  21:18  Marauder  
  178  21:22  Orbital Command, Marauder  
  178  21:23  Marine x2  
  178  21:25  Marauder  
  184  21:27  Marauder, Widow Mine x2  
  184  21:31  Marine x4  
  184  21:32  Marauder  
  191  21:34  Marauder  
  191  21:35  Marine x2  
  191  21:39  Marauder x2  
  199  21:41  Marine  
  192  21:56  Marauder  
  166  22:05  Marauder x2  
  166  22:06  Planetary Fortress  
  153  22:10  Widow Mine x3, Siege Tank  
  153  22:14  Marauder x2  
  166  22:17  Marine  
  166  22:18  Marine x2, Marauder x2  
  166  22:19  Marauder  
  175  22:26  Marine x2  
  175  22:27  Marauder x2  
  172  22:33  Marine  
  172  22:34  Marine x2  
  172  22:35  Marauder x2  
  172  22:36  Marine  
  164  22:39  Marauder  
  164  22:40  Marauder x2  
  164  22:43  Widow Mine x3  
  135  22:48  Marauder x2  
  135  22:53  Marine x4  
  135  22:54  Marine x3  
  135  22:57  Marauder x2  
  139  23:00  Marauder  
  139  23:01  Marauder  
  139  23:02  Marauder  
  139  23:03  Marine  
  144  23:09  Marine, Marauder  
  144  23:11  Marine x2  
Show
View Real Time Build Order
Export as new Build Order

Serral Zerg - Winner!

Build Orders: Hatch First 

Get SALT Encoding   

  12  0:00  Drone  
  13  0:08  Drone  
  14  0:14  Extractor, Drone  
  15  0:21  Overlord  
  15  0:40  Drone  
  16  0:45  Hatchery  
  16  0:49  Drone  
  16  0:52  Drone  
  16  0:56  Drone  
  18  1:06  Extractor  
  18  1:10  Spawning Pool  
  16  1:14  Drone  
  16  1:17  Drone  
  18  1:26  Drone  
  19  1:37  Drone  
  20  1:47  Drone  
  21  1:57  Queen x2  
  21  1:58  Zergling x4  
  27  2:09  Overlord  
  27  2:10  Drone  
  28  2:21  Hatchery  
  27  2:23  Drone  
  28  2:30  Drone x2  
  29  2:37  Queen  
  29  2:42  Overlord  
  31  2:45  Drone  
  31  2:47  Drone  
  31  2:51  Drone  
  34  2:52  Drone  
  35  3:02  Overlord  
  35  3:04  Drone x4  
  39  3:09  Drone x2  
  39  3:10  Drone  
  42  3:20  Queen  
  42  3:24  Drone  
  42  3:25  Roach Warren  
  44  3:30  Queen  
  44  3:33  Overlord  
  46  3:38  Drone x3  
  46  3:39  Drone  
  50  3:43  Overlord  
  50  3:44  Drone  
  50  3:46  Drone  
  52  3:49  Drone x2  
  52  3:54  Overlord  
  54  3:59  Evolution Chamber  
  54  4:01  Drone  
  54  4:05  Roach x3  
  54  4:06  Roach  
  54  4:09  Drone x2  
  64  4:15  Lair  
  64  4:17  Overlord  
  64  4:18  Drone  
  64  4:19  Drone  
  64  4:20  Drone  
  64  4:23  Drone x2  
  69  4:26  Overlord  
  69  4:29  Drone x3  
  69  4:30  Drone  
  73  4:36  Drone  
  73  4:38  Drone  
  75  4:39  Extractor, Queen  
  75  4:40  Extractor  
  75  4:43  Drone x3  
  78  4:46  Drone x2  
  78  4:49  Spore Crawler  
  78  4:50  Roach  
  78  4:52  Overlord  
  81  4:53  Drone  
  81  4:54  Drone  
  81  4:57  Drone x2  
  85  5:02  Extractor  
  85  5:03  Spore Crawler  
  85  5:04  Zerg Ground Armor Level 1  
  85  5:06  Drone x3  
  86  5:10  Overlord  
  86  5:13  Drone  
  87  5:19  Extractor, Glial Reconstitution  
  87  5:20  Extractor  
  85  5:22  Drone  
  85  5:23  Drone x5  
  85  5:24  Overseer  
  85  5:26  Overlord  
  91  5:29  Drone x3  
  91  5:34  Overseer  
  91  5:35  Drone x2  
  96  5:37  Hatchery  
  96  5:39  Evolution Chamber  
  96  5:41  Infestation Pit, Overlord  
  93  5:49  Drone x2  
  95  5:51  Baneling Nest  
  95  5:52  Roach  
  95  5:53  Roach x3  
  95  5:55  Roach  
  104  6:00  Overlord x2  
  104  6:02  Roach x2  
  108  6:05  Zerg Melee Weapons Level 1  
  108  6:06  Overlord  
  108  6:13  Roach x2  
  112  6:19  Roach x6  
  124  6:29  Drone  
  124  6:30  Drone x2  
  122  6:34  Hive  
  122  6:35  Centrifugal Hooks  
  122  6:36  Drone x8  
  130  6:43  Overlord x2  
  130  6:45  Roach x3  
  136  6:50  Drone  
  136  6:51  Drone  
  136  6:52  Drone  
  139  7:00  Overlord x2  
  139  7:03  Zerg Ground Armor Level 2  
  139  7:06  Zergling x4  
  141  7:08  Zergling x2  
  141  7:09  Zergling x4, Hatchery  
  141  7:12  Ravager x3  
  141  7:15  Extractor  
  145  7:19  Drone x3  
  145  7:20  Zergling x8  
  152  7:24  Zergling x2  
  152  7:25  Zergling x6  
  152  7:28  Overlord  
  152  7:29  Zergling x8  
  160  7:33  Overlord  
  160  7:35  Zergling x14  
  167  7:40  Overlord  
  167  7:41  Overlord  
  167  7:43  Metabolic Boost  
  167  7:46  Viper  
  167  7:47  Viper  
  173  7:52  Ultralisk Cavern  
  173  7:55  Zergling x12  
  173  7:57  Baneling x7  
  173  7:58  Baneling x2  
  178  8:03  Zergling x14  
  185  8:08  Zerg Melee Weapons Level 2  
  185  8:13  Zergling x8  
  185  8:17  Zergling x4  
  191  8:26  Drone  
  192  8:29  Zergling x16  
  192  8:32  Baneling x11  
  199  8:40  Drone  
  200  8:43  Chitinous Plating  
  200  8:47  Overlord  
  200  9:01  Spore Crawler  
  200  9:02  Adrenal Glands  
  198  9:14  Baneling x11  
  198  9:20  Hatchery  
  198  9:21  Pneumatized Carapace  
  198  9:22  Extractor  
  196  9:25  Drone x3  
  196  9:30  Zerg Ground Armor Level 3  
  187  9:34  Zergling x38  
  187  9:35  Zergling x2  
  195  9:41  Spore Crawler  
  195  9:42  Drone x4  
  197  9:47  Drone x2  
  197  9:48  Spire  
  198  9:58  Overlord  
  198  10:00  Drone, Burrow  
  198  10:01  Anabolic Synthesis  
  199  10:16  Zergling x2  
  197  10:23  Zergling x16  
  197  10:24  Zergling x4  
  197  10:25  Zergling x16  
  198  10:31  Zerg Melee Weapons Level 3  
  198  10:32  Drone  
  198  10:35  Overseer x6, Spore Crawler  
  198  10:36  Overlord x3  
  198  10:37  Overlord, Overseer x3  
  198  10:38  Overlord x2  
  198  10:39  Drone  
  198  10:42  Nydus Network  
  198  10:44  Drone  
  198  10:45  Hatchery  
  198  10:47  Baneling x8  
  198  10:48  Drone  
  199  10:57  Zergling x6  
  183  11:07  Zergling x40  
  176  11:14  Ultralisk x2, Zergling x16  
  177  11:19  Zerg Flyer Weapons Level 1, Drone x2  
  177  11:20  Drone x2  
  177  11:24  Ultralisk, Zergling x2  
  177  11:25  Zergling x4  
  190  11:29  Ultralisk, Zergling x2  
  190  11:30  Zergling x6  
  200  11:39  Overlord  
  200  11:43  Hatchery  
  200  11:44  Baneling x2  
  200  11:45  Baneling x2  
  197  11:52  Zergling x20  
  190  12:04  Zergling x2  
  190  12:05  Zergling x20  
  190  12:07  Zerg Missile Weapons Level 1  
  195  12:09  Baneling x4  
  195  12:15  Ultralisk x2, Zergling x10  
  191  12:24  Zergling x8  
  191  12:25  Zergling x14  
  198  12:31  Zergling x4  
  198  12:36  Baneling x11  
  199  12:47  Zergling x2  
  199  12:49  Nydus Canal  
  189  13:03  Ultralisk  
  189  13:04  Zergling x38  
  199  13:13  Zerg Flyer Armor Level 1  
  199  13:14  Baneling x4  
  199  13:15  Baneling x2  
  196  13:24  Nydus Canal  
  196  13:25  Drone x2  
  196  13:26  Zergling x4  
  200  13:30  Spore Crawler  
  200  13:31  Drone x2, Spore Crawler  
  200  13:33  Baneling x12  
  190  13:45  Zergling x18  
  190  13:46  Zergling x14  
  197  13:50  Ravager  
  197  13:51  Zergling x4  
  200  14:00  Nydus Canal  
  200  14:03  Zerg Missile Weapons Level 2  
  200  14:05  Spore Crawler  
  200  14:06  Spore Crawler  
  200  14:07  Overseer, Overlord  
  200  14:08  Zergling x4  
  200  14:09  Baneling  
  200  14:10  Baneling x7  
  191  14:29  Ultralisk x2, Zergling x2  
  192  14:32  Zergling x8  
  192  14:33  Zergling x14  
  192  14:35  Zergling x14  
  196  14:42  Zergling x10  
  196  14:43  Nydus Canal  
  200  14:54  Baneling x9  
  200  15:01  Baneling x4  
  200  15:03  Baneling x8  
  199  15:07  Zerg Flyer Weapons Level 2  
  199  15:12  Zergling x2  
  199  15:13  Zergling x2  
  200  15:19  Baneling x8  
  185  15:34  Ultralisk  
  185  15:35  Zergling x34, Ultralisk  
  195  15:38  Zergling x6  
  195  15:39  Zergling x4  
  195  15:40  Overseer  
  200  15:48  Baneling x4  
  181  15:57  Ultralisk x2, Zergling x10  
  181  15:58  Zergling x2  
  181  16:03  Baneling x10  
  181  16:04  Baneling x5  
  198  16:29  Hatchery  
  198  16:32  Zergling x4  
  199  16:38  Zergling x14  
  185  16:56  Zergling x2  
  185  16:57  Zergling x52  
  196  17:01  Zergling x6  
  196  17:02  Zergling x2  
  195  17:09  Zergling x10  
  195  17:13  Baneling x5  
  194  17:19  Hatchery, Zergling x20  
  177  17:37  Infestor x4  
  177  17:39  Corruptor x2  
  177  17:40  Corruptor x7  
  182  17:44  Ultralisk, Zergling x14  
  182  17:45  Zergling x12  
  198  17:51  Nydus Canal  
  198  17:55  Baneling x7  
  198  17:57  Zerg Missile Weapons Level 3  
  195  18:03  Zergling x14  
  196  18:06  Baneling x12  
  196  18:11  Nydus Canal  
  192  18:15  Microbial Shroud  
  192  18:18  Baneling x8  
  189  18:23  Zergling x6  
  189  18:24  Zergling x22  
  196  18:35  Zergling x12  
  196  18:37  Drone x14  
  195  18:43  Zergling x2  
  195  18:44  Zergling x2  
  199  18:51  Nydus Canal, Hatchery  
  199  18:53  Drone x4  
  199  18:58  Baneling x6  
  195  19:11  Zergling x12  
  195  19:13  Spore Crawler  
  195  19:16  Drone  
  197  19:18  Infestor  
  197  19:19  Infestor  
  189  19:31  Hatchery  
  189  19:33  Neural Parasite  
  189  19:34  Zergling x2  
  189  19:35  Zergling x30  
  189  19:38  Zergling x2  
  195  19:46  Zergling x10  
  195  19:47  Zergling x2  
  195  19:50  Baneling x6  
  196  20:02  Extractor x2  
  196  20:06  Extractor x2, Nydus Canal, Infestor x2  
  196  20:08  Hatchery, Baneling x15  
  193  20:19  Ultralisk x2, Zergling x16  
  191  20:31  Zergling x38  
  195  20:37  Zergling x22  
  195  20:38  Zergling x2  
  193  20:48  Ultralisk, Zergling x12  
  199  20:52  Zergling x2  
  173  21:04  Zergling x2  
  173  21:05  Zergling x14  
  173  21:09  Ultralisk, Zergling x18  
  173  21:11  Drone x4  
  198  21:16  Zergling x12  
  198  21:17  Zergling x2  
  199  21:22  Baneling x9  
  199  21:31  Ultralisk x2, Zergling x18  
  197  21:35  Drone x2  
  197  21:40  Corruptor  
  199  21:48  Baneling x8  
  194  21:58  Zergling x32  
  194  21:59  Zergling x6  
  194  22:01  Zergling x12  
  198  22:03  Zergling x6  
  195  22:14  Infestor  
  196  22:15  Zergling x2  
  196  22:16  Zergling x4  
  196  22:17  Baneling x4  
  198  22:31  Hatchery  
  198  22:34  Zergling x2  
  198  22:35  Zergling x32  
  195  22:38  Zergling x18  
  198  22:46  Zergling x2  
  198  22:47  Zergling x2  
  199  22:56  Zergling x4  
  199  23:01  Baneling x3  
  199  23:02  Baneling x8  
  199  23:04  Zergling x2  
  199  23:05  Zergling x8  
  199  23:09  Baneling x8  
  199  23:12  Extractor x2  
  197  23:13  Spore Crawler  
  197  23:18  Zergling x26  
Tags
 
Add a new tag
Caveats
  • Supply blocks, unpowered buildings, or Contaminate may cause inaccurate times.
  • Supply counts are checked every 10 seconds.